TOP OF THE 1ST |
Java Komodos batting - Pitching for Sicily Velocity : RHP Oscar Rodriquez
|
Pitching: RHP Oscar Rodriquez
|
|
Batting: LHB Cheuk-yan Zhou
|
0-0: Swinging Strike 0-1: Ball 1-1: Foul Ball, location: 2F 1-2: Strikes out swinging
|
Batting: RHB Baldwin Miller
|
0-0: Ball 1-0: Foul Ball, location: 2F 1-1: Ground out 5-3 (Groundball, 56, EV 102.5 MPH)
|
Batting: LHB Cosmin Muresan
|
0-0: Ball 1-0: Foul Ball, location: 3F 1-1: Ball 2-1: Ball 3-1: Base on Balls
|
Batting: RHB Agdada Zahir
|
0-0: Ball 1-0: Ball 2-0: Called Strike Cosmin Muresan steals 2nd base 2-1: Called Strike 2-2: Ground out 6-3 (Groundball, 56, EV 83.1 MPH)
|
Top of the 1st over - 0 runs, 0 hits, 0 errors, 1 left on base; Java 0 - Sicily 0 |
BOTTOM OF THE 1ST |
Sicily Velocity batting - Pitching for Java Komodos : RHP Teemu Lounio
|
Pitching: RHP Teemu Lounio
|
|
Batting: RHB Ahar Piyush
|
0-0: Called Strike 0-1: Ground out 1-3 (Groundball, 34S, EV 67.5 MPH)
|
Batting: RHB Santiago Garcia Jr.
|
0-0: Called Strike 0-1: Ground out 1-3 (Groundball, 13S, EV 66.9 MPH)
|
Batting: LHB Samuel Martins
|
0-0: SINGLE (Line Drive, 6D, EV 105.0 MPH)
|
Batting: RHB Dimitri Paustovsky
|
0-0: Ball 1-0: Called Strike 1-1: Ball 2-1: DOUBLE (Flyball, 8RXD, EV 110.6 MPH) Samuel Martins to third Runner from 3rd tries for Home, SAFE, throw by CF to home
|
Batting: RHB Edgar Cano
|
0-0: Ball 1-0: Called Strike 1-1: Called Strike 1-2: Ground out 6-3 (Groundball, 56, EV 85.0 MPH)
|
Bottom of the 1st over - 1 run, 2 hits, 0 errors, 1 left on base; Java 0 - Sicily 1 |
TOP OF THE 2ND |
Java Komodos batting - Pitching for Sicily Velocity : RHP Oscar Rodriquez
|
Batting: RHB Hamsa Uche
|
0-0: Called Strike 0-1: Ball 1-1: SINGLE (Groundball, 6S, EV 68.1 MPH) (infield hit)
|
Batting: SHB Abdul-Malik Wahid
|
0-0: Ball 1-0: Foul Ball, location: 2F 1-1: Called Strike 1-2: Ball 2-2: Ball 3-2: Fly out, F9 (Flyball, 9S, EV 71.3 MPH)
|
Batting: RHB Bahir bin Seif al Din
|
0-0: Fly out, F7 (Flyball, 7D, EV 84.4 MPH)
|
Batting: RHB Gabriel Koci
|
0-0: Ground out 5-3 (Groundball, 56S, EV 66.9 MPH)
|
Top of the 2nd over - 0 runs, 1 hit, 0 errors, 1 left on base; Java 0 - Sicily 1 |
BOTTOM OF THE 2ND |
Sicily Velocity batting - Pitching for Java Komodos : RHP Teemu Lounio
|
Batting: RHB Mario Olivaies
|
0-0: Foul Ball, location: 7LSF 0-1: SINGLE (Line Drive, 4M, EV 103.1 MPH)
|
Batting: LHB Nourreddine Migwi
|
0-0: Hit by Pitch Mario Olivaies to second
|
Batting: RHB Nicholas Frazer
|
0-0: Ball 1-0: Fly out, F8 (Flyball, 8LM, EV 94.4 MPH)
|
Batting: RHB Ni Dong
|
0-0: Swinging Strike 0-1: Fly out, F9 (Flyball, 89D, EV 90.6 MPH)
|
Batting: RHB Ahar Piyush
|
0-0: Foul Ball, location: 2RF 0-1: Ball 1-1: Swinging Strike 1-2: DOUBLE (Line Drive, 89M, EV 101.3 MPH) Mario Olivaies scores Nourreddine Migwi to third Runner from 3rd tries for Home, throw by RF and OUT! 9-4-2
|
Bottom of the 2nd over - 1 run, 2 hits, 0 errors, 1 left on base; Java 0 - Sicily 2 |
TOP OF THE 3RD |
Java Komodos batting - Pitching for Sicily Velocity : RHP Oscar Rodriquez
|
Batting: RHB Uthman El Hadrioui
|
0-0: Called Strike 0-1: Called Strike 0-2: Strikes out swinging
|
Batting: LHB Cheuk-yan Zhou
|
0-0: Swinging Strike 0-1: Ball 1-1: Ball 2-1: Foul Ball, location: 9LSF 2-2: Fly out, F7 (Line Drive, 78M, EV 84.4 MPH)
|
Batting: RHB Baldwin Miller
|
0-0: Called Strike 0-1: Swinging Strike 0-2: Ball 1-2: Foul Ball, location: 3FF 1-2: Foul Ball, location: 2F 1-2: Ground out 6-3 (Groundball, 6, EV 93.8 MPH)
|
Top of the 3rd over - 0 runs, 0 hits, 0 errors, 0 left on base; Java 0 - Sicily 2 |
BOTTOM OF THE 3RD |
Sicily Velocity batting - Pitching for Java Komodos : RHP Teemu Lounio
|
Batting: RHB Santiago Garcia Jr.
|
0-0: Foul Ball, location: 2F 0-1: Ball 1-1: Called Strike 1-2: Foul Ball, location: 25FF 1-2: Strikes out swinging
|
Batting: LHB Samuel Martins
|
0-0: Called Strike 0-1: Ball 1-1: Ground out 6-3 (Groundball, 6MS, EV 69.4 MPH)
|
Batting: RHB Dimitri Paustovsky
|
0-0: Foul Ball, location: 2F 0-1: Called Strike 0-2: Ball 1-2: Ball 2-2: Ball 3-2: Fly out, F9 (Flyball, 89M, EV 78.1 MPH)
|
Bottom of the 3rd over - 0 runs, 0 hits, 0 errors, 0 left on base; Java 0 - Sicily 2 |
TOP OF THE 4TH |
Java Komodos batting - Pitching for Sicily Velocity : RHP Oscar Rodriquez
|
Batting: LHB Cosmin Muresan
|
0-0: Ball 1-0: Foul Ball, location: 2F 1-1: Ball 2-1: Ground out 4-3 (Groundball, 4S, EV 76.3 MPH)
|
Batting: RHB Agdada Zahir
|
0-0: Ball 1-0: Fly out, F7 (Line Drive, 78M, EV 106.9 MPH)
|
Batting: RHB Hamsa Uche
|
0-0: Called Strike 0-1: Called Strike 0-2: Strikes out swinging
|
Top of the 4th over - 0 runs, 0 hits, 0 errors, 0 left on base; Java 0 - Sicily 2 |
BOTTOM OF THE 4TH |
Sicily Velocity batting - Pitching for Java Komodos : RHP Teemu Lounio
|
Batting: RHB Edgar Cano
|
0-0: Fly out, F2 (Popup, 25F, EV 88.8 MPH)
|
Batting: RHB Mario Olivaies
|
0-0: SINGLE (Line Drive, 9LS, EV 96.9 MPH)
|
Batting: LHB Nourreddine Migwi
|
0-0: Swinging Strike 0-1: Ball 1-1: Swinging Strike 1-2: Foul Ball, location: 2F 1-2: Foul Ball, location: 2F 1-2: Strikes out swinging
|
Batting: RHB Nicholas Frazer
|
0-0: Ball 1-0: Called Strike 1-1: Ground out 4-3 (Groundball, 4, EV 83.1 MPH)
|
Bottom of the 4th over - 0 runs, 1 hit, 0 errors, 1 left on base; Java 0 - Sicily 2 |
TOP OF THE 5TH |
Java Komodos batting - Pitching for Sicily Velocity : RHP Oscar Rodriquez
|
Batting: SHB Abdul-Malik Wahid
|
0-0: Ball 1-0: Swinging Strike 1-1: SINGLE (Flyball, 8RS, EV 88.1 MPH)
|
Batting: RHB Bahir bin Seif al Din
|
0-0: Ball 1-0: Ball 2-0: Swinging Strike 2-1: Ball 3-1: Called Strike 3-2: Strikes out swinging
|
Batting: RHB Gabriel Koci
|
0-0: Ball 1-0: Fly out, F7 (Flyball, 7D, EV 97.5 MPH)
|
Batting: RHB Uthman El Hadrioui
|
0-0: Swinging Strike 0-1: Ball 1-1: Ball 2-1: Foul Ball, location: 2F 2-2: Foul Ball, location: 2F 2-2: Foul Ball, location: 5DF 2-2: Strikes out swinging
|
Top of the 5th over - 0 runs, 1 hit, 0 errors, 1 left on base; Java 0 - Sicily 2 |
BOTTOM OF THE 5TH |
Sicily Velocity batting - Pitching for Java Komodos : RHP Teemu Lounio
|
Batting: RHB Ni Dong
|
0-0: Swinging Strike 0-1: Swinging Strike 0-2: Ball 1-2: Strikes out swinging
|
Batting: RHB Ahar Piyush
|
0-0: Called Strike 0-1: Ball 1-1: Ground out 4-3 (Groundball, 4, EV 95.6 MPH)
|
Batting: RHB Santiago Garcia Jr.
|
0-0: Ball 1-0: Called Strike 1-1: Ball 2-1: Ball 3-1: Ground out 6-3 (Groundball, 6, EV 77.5 MPH)
|
Bottom of the 5th over - 0 runs, 0 hits, 0 errors, 0 left on base; Java 0 - Sicily 2 |
TOP OF THE 6TH |
Java Komodos batting - Pitching for Sicily Velocity : RHP Oscar Rodriquez
|
Batting: LHB Cheuk-yan Zhou
|
0-0: Called Strike 0-1: Called Strike 0-2: Ball 1-2: DOUBLE (Line Drive, 78D, EV 109.4 MPH)
|
Batting: RHB Baldwin Miller
|
0-0: Ball 1-0: Ball 2-0: Called Strike 2-1: SINGLE (Groundball, 4M, EV 88.1 MPH) (infield hit) Cheuk-yan Zhou to third
|
Batting: LHB Cosmin Muresan
|
0-0: Foul Ball, location: 5F 0-1: DOUBLE (Flyball, 8LXD, EV 99.4 MPH) Cheuk-yan Zhou scores Baldwin Miller to third
|
Batting: RHB Agdada Zahir
|
0-0: Fly out, F7 (Line Drive, 7, EV 101.9 MPH) Runner from 3rd tags up, SCORES, throw by LF
|
Batting: RHB Hamsa Uche
|
0-0: Foul Ball, location: 2LF 0-1: Foul Ball, location: 9LSF 0-2: Ball 1-2: Ball 2-2: Ground out 6-3 (Groundball, 6M, EV 86.3 MPH)
|
Batting: SHB Abdul-Malik Wahid
|
0-0: 2-RUN HOME RUN (Flyball, 9D, EV 97.5 MPH), Distance : 361 ft
|
Batting: RHB Bahir bin Seif al Din
|
0-0: Swinging Strike 0-1: Ball 1-1: Ball 2-1: Called Strike 2-2: Ball 3-2: Foul Ball, location: 9LSF 3-2: Foul Ball, location: 5F 3-2: Ground out U3 (Groundball, 3, EV 81.3 MPH)
|
Top of the 6th over - 4 runs, 4 hits, 0 errors, 0 left on base; Java 4 - Sicily 2 |
BOTTOM OF THE 6TH |
Sicily Velocity batting - Pitching for Java Komodos : RHP Teemu Lounio
|
Batting: LHB Samuel Martins
|
0-0: Ball 1-0: Ball 2-0: Ball 3-0: Base on Balls
|
Batting: RHB Dimitri Paustovsky
|
0-0: Ball 1-0: Ball 2-0: Fielders Choice at 2nd, 1-4 (Groundball, 15S, EV 65.6 MPH)
|
Batting: RHB Edgar Cano
|
0-0: Ball 1-0: Called Strike 1-1: Ball 2-1: Foul Ball, location: 5F 2-2: Fly out, F8 (Flyball, 8RD, EV 97.5 MPH)
|
Batting: RHB Mario Olivaies
|
0-0: Called Strike 0-1: Ball 1-1: SINGLE (Line Drive, 34, EV 96.9 MPH) Dimitri Paustovsky to second Runner from 2nd tries for 3rd, SAFE, throw by RF made to third
|
Batting: LHB Nourreddine Migwi
|
0-0: Ball 1-0: Ground out 5-3 (Groundball, 56S, EV 88.1 MPH)
|
Bottom of the 6th over - 0 runs, 1 hit, 0 errors, 2 left on base; Java 4 - Sicily 2 |
TOP OF THE 7TH |
Java Komodos batting - Pitching for Sicily Velocity : RHP Oscar Rodriquez
|
Batting: RHB Gabriel Koci
|
0-0: Ball 1-0: Swinging Strike 1-1: Ball 2-1: Swinging Strike 2-2: Strikes out swinging
|
Batting: RHB Uthman El Hadrioui
|
0-0: Ball 1-0: Ball 2-0: Foul Ball, location: 9LMF 2-1: Foul Ball, location: 2F 2-2: Foul Ball, location: 2F 2-2: Foul Ball, location: 2F 2-2: SINGLE (Flyball, 8LS, EV 86.3 MPH)
|
Pitching: LHP Levan Saparov
|
|
Batting: LHB Cheuk-yan Zhou
|
0-0: Called Strike 0-1: Ball 1-1: Foul Ball, location: 3SF 1-2: Ball 2-2: Foul Ball, location: 2F 2-2: Fly out, F8 (Flyball, 8LM, EV 94.4 MPH)
|
Batting: RHB Baldwin Miller
|
0-0: Foul Ball, location: 2F 0-1: Ball 1-1: SINGLE (Groundball, 56, EV 85.6 MPH) Uthman El Hadrioui to second
|
Batting: LHB Cosmin Muresan
|
0-0: Called Strike 0-1: Foul Ball, location: 25F 0-2: Fly out, F7 (Flyball, 7, EV 83.8 MPH)
|
Top of the 7th over - 0 runs, 2 hits, 0 errors, 2 left on base; Java 4 - Sicily 2 |
BOTTOM OF THE 7TH |
Sicily Velocity batting - Pitching for Java Komodos : RHP Teemu Lounio
|
Batting: RHB Nicholas Frazer
|
0-0: Called Strike 0-1: Ball 1-1: Ground out 6-3 (Groundball, 6, EV 105.6 MPH)
|
Batting: RHB Ni Dong
|
0-0: Ball 1-0: DOUBLE (Flyball, 89D, EV 89.4 MPH)
|
Batting: RHB Ahar Piyush
|
0-0: SINGLE (Flyball, 9, EV 95.0 MPH) Ni Dong to third
|
Batting: RHB Santiago Garcia Jr.
|
0-0: Called Strike Ahar Piyush steals 2nd base 0-1: Ball 1-1: Ball 2-1: Called Strike 2-2: Ball 3-2: Foul Ball, location: 5F 3-2: Ground out 6-3 (Groundball, 6S, EV 93.1 MPH)
|
Batting: LHB Samuel Martins
|
0-0: Ball 1-0: Swinging Strike 1-1: Called Strike 1-2: SINGLE (Line Drive, 7LS, EV 99.4 MPH) Ni Dong scores Ahar Piyush to third Runner from 3rd tries for Home, SAFE, throw by LF to home
|
Batting: RHB Dimitri Paustovsky
|
0-0: Foul Ball, location: 9LDF 0-1: Ball 1-1: Ball 2-1: Ball 3-1: Base on Balls Samuel Martins to second
|
Batting: RHB Edgar Cano
|
0-0: Swinging Strike 0-1: Called Strike 0-2: Foul Ball, location: 2F 0-2: Ball 1-2: Foul Ball, location: 7LMF 1-2: Ball 2-2: Foul Ball, location: 5DF 2-2: SINGLE (Groundball, 34D, EV 94.4 MPH) Samuel Martins to third Dimitri Paustovsky to second Runner from 3rd tries for Home, throw by RF and OUT! 9-2
|
Bottom of the 7th over - 2 runs, 4 hits, 0 errors, 2 left on base; Java 4 - Sicily 4 |
TOP OF THE 8TH |
Java Komodos batting - Pitching for Sicily Velocity : LHP Levan Saparov
|
Batting: RHB Agdada Zahir
|
0-0: Ball 1-0: Foul Ball, location: 2F 1-1: Fly out, F2 (Popup, 2RF, EV 90.0 MPH)
|
Batting: RHB Hamsa Uche
|
0-0: Ball 1-0: Ball 2-0: Called Strike 2-1: Ball 3-1: Base on Balls
|
Batting: SHB Abdul-Malik Wahid
|
0-0: Called Strike 0-1: Ball 1-1: Sac Bunt to 2R - play at first, batter OUT! 2-4 Hamsa Uche to second
|
Batting: RHB Bahir bin Seif al Din
|
0-0: Ball 1-0: Called Strike 1-1: Foul Ball, location: 2F 1-2: Foul Ball, location: 5F 1-2: Strikes out swinging
|
Top of the 8th over - 0 runs, 0 hits, 0 errors, 1 left on base; Java 4 - Sicily 4 |
BOTTOM OF THE 8TH |
Sicily Velocity batting - Pitching for Java Komodos : RHP Teemu Lounio
|
Batting: RHB Mario Olivaies
|
0-0: Called Strike 0-1: Swinging Strike 0-2: Foul Ball, location: 5FF 0-2: SINGLE (Line Drive, 7S, EV 103.8 MPH)
|
Pitching: RHP Teijo Hakala
|
|
Batting: LHB Nourreddine Migwi
|
0-0: 2-RUN HOME RUN (Line Drive, 9LD, EV 96.3 MPH), Distance : 347 ft
|
Batting: RHB Nicholas Frazer
|
0-0: Ball 1-0: Foul Ball, location: 5DF 1-1: Ground out 6-3 (Groundball, 6, EV 106.3 MPH)
|
Batting: RHB Ni Dong
|
0-0: Ball 1-0: Ball 2-0: Fly out, F8 (Flyball, 78XD, EV 111.3 MPH)
|
Batting: RHB Ahar Piyush
|
0-0: Ball 1-0: Ball 2-0: Ball 3-0: Called Strike 3-1: Called Strike 3-2: Ground out 4-3 (Groundball, 34, EV 88.8 MPH)
|
Bottom of the 8th over - 2 runs, 2 hits, 0 errors, 0 left on base; Java 4 - Sicily 6 |
TOP OF THE 9TH |
Java Komodos batting - Pitching for Sicily Velocity : LHP Levan Saparov
|
Pitching: RHP Sa'id Thaqib
|
|
Batting: RHB Gabriel Koci
|
0-0: Called Strike 0-1: Foul Ball, location: 2F 0-2: Ball 1-2: SINGLE (Groundball, 4D, EV 95.0 MPH)
|
Batting: RHB Uthman El Hadrioui
|
0-0: Foul Ball, location: 2F 0-1: Foul Ball, location: 7LMF 0-2: Strikes out swinging
|
Batting: LHB Cheuk-yan Zhou
|
0-0: Ball 1-0: Ball 2-0: Called Strike 2-1: SINGLE (Line Drive, 3D, EV 99.4 MPH) Gabriel Koci to second
|
Batting: RHB Baldwin Miller
|
0-0: Swinging Strike 0-1: Ball 1-1: Swinging Strike 1-2: Strikes out looking
|
Batting: LHB Cosmin Muresan
|
0-0: Called Strike 0-1: Ball 1-1: Swinging Strike 1-2: Strikes out swinging
|
Top of the 9th over - 0 runs, 2 hits, 0 errors, 2 left on base; Java 4 - Sicily 6 |
|